 Dungeon Crawl Stone Soup version 0.28.0-1-gb440e238dd (webtiles) character file.

Game seed: 12999384243506958455

7093 Aksej the Thaumaturge (level 11, -1/76 HPs)
             Began as a Djinni Fire Elementalist on Feb 22, 2022.
             Was a Believer of Qazlal.
             Slain by a vampire (10 damage)
             ... on level 9 of the Dungeon.
             The game lasted 00:34:11 (12113 turns).

Aksej the Thaumaturge (Djinni Fire Elementalist)   Turns: 12113, Time: 00:34:12

Health: -1/76      AC: 10    Str:  9    XL:     11   Next: 30%
Gold:   253        EV: 17    Int: 23    God:    Qazlal [**....] SH:  3 Dex: 11

rFire   + + .      SeeInvis .   b - +0 scimitar (flame)
rCold   + . .      Faith    .   (no shield)
rNeg    . . .      Spirit   .   f - +3 leather armour {Will+}
rPois   ∞          Reflect  .   m - +1 helmet
rElec   .          Harm     .   (no cloak)
rCorr   .          Rampage  .   q - +1 pair of gloves of a volcano {rC+ MP+9 Str+2 Dex-3 Slay+2}
Will    ++...                   (boots unavailable)
Stlth   ++........              (no amulet)
HPRegen 0.22/turn               d - ring of protection from cold
MPRegen 0.00/turn               j - +4 ring of evasion

@: flying
A: sickness immunity, fire resistance 2, cold vulnerability 1, float, innate
caster, HP casting, extra vitality 1, clever 1, wild magic 1, evolution 1
a: Renounce Religion, Upheaval


You were on level 9 of the Dungeon.
You worshipped Qazlal.
Qazlal was pleased with you.
You visited 2 branches of the dungeon, and saw 10 of its levels.

You collected 478 gold pieces.
You spent 225 gold pieces at shops.

Inventory:

Hand Weapons
 a - a +3 short sword of electrocution
 b - a +0 scimitar of flaming (weapon)
Missiles
 l - a throwing net
Armour
 f - a +3 leather armour of willpower (worn)
 m - a +1 helmet (worn)
 q - the +1 pair of gloves of a volcano (worn) {rC+ MP+9 Str+2 Dex-3 Slay+2}
   (You acquired it on level 6 of the Dungeon)

   Str:       It affects your strength (+2).
   Dex:       It affects your dexterity (-3).
   Slay:      It affects your accuracy & damage with ranged weapons and melee
   (+2).
   rC:        It protects you from cold.
   MP:        It affects your magic capacity (+9).
Jewellery
 d - a ring of protection from cold (left hand)
 j - a +4 ring of evasion (right hand)
 o - a ring of wizardry
 r - a ring of positive energy
 s - a +6 ring of intelligence
Wands
 c - a wand of paralysis (7)
 k - a wand of charming (9)
Scrolls
 n - 3 scrolls of identify
 p - a scroll of blinking
Potions
 e - a potion of cancellation
 g - 6 potions of curing
 i - a potion of brilliance
Miscellaneous
 h - a piece from Xom's chessboard (15/15)


   Skills:
 * Level 5.8 Fighting
 + Level 4.3 Short Blades
 + Level 0.1(2.6) Long Blades
 + Level 1.5 Armour
 + Level 5.5 Dodging
 + Level 3.2 Stealth
 + Level 1.0 Shields
 * Level 10.7 Spellcasting
 + Level 0.1 Evocations


You had 3 spell levels left.
You knew the following spells:

 Your Spells              Type           Power      Damage    Failure   Level
a - Foxfire               Conj/Fire      100%       2x1d9     1%          1
b - Scorch                Fire           100%       2d10      1%          2
c - Conjure Flame         Conj/Fire      69%        6-21      1%          3
d - Inner Flame           Hex/Fire       69%        N/A       1%          3
e - Flame Wave            Conj/Fire      69%        2d13      1%          4
f - Beastly Appendage     Tmut           100%       N/A       1%          1
g - Blink                 Tloc           100%       N/A       1%          2
h - Ignite Poison         Fire/Tmut/Pois 69%        N/A       1%          3
i - Cause Fear            Hex            34%        N/A       1%          4
j - Borgnjor's Vile Clut  Necr/Erth      34%        N/A       4%          5
Your spell library was empty.

Dungeon Overview and Level Annotations

Branches:
Dungeon (9/15)             Temple (1/1) D:4
   Lair: D:8-11         Orc: D:9-12

Altars:
Ashenzari
Cheibriados
Dithmenos
Fedhas
Gozag
Kikubaaqudgha
Makhleb
Nemelex Xobeh
Okawaru
Qazlal
Ru
Sif Muna
Trog
Uskayaw
Vehumet
Wu Jian
Xom
Yredelemnul
Zin
Beogh

Shops:
D:1 ([!!(   D:7 :   D:8 **(

Annotations:
D:5 1 transporter


Innate Abilities, Weirdness & Mutations

You are immune to sickness and miasma.
You are immune to poison.
Your flesh is very heat resistant. (rF++)
You are vulnerable to cold. (rC-)
You float through the air rather than walking.
You learn spells naturally, not from books.
Your magical power is your life essence.
You have superior vitality. (+4 MHP)
Your mind is acute. (Int +2)
Your spells are a little harder to cast, but a little more powerful.
You have hidden genetic potential.


Message History

You hit something. You burn something. Something closely misses you.
Something bites you but does no damage.
You closely miss something. Something hits you but does no damage.
Something barely misses you.
You hit something but do no damage. Something closely misses you.
You block something's attack. x2; Something bites you!
You hit something but do no damage.
You hear some strange, mumbled words.
Something tries to affect you, but you resist.
You miss something. Your punch misses something. Something hits you.
Something barely misses you.
You closely miss something. Something hits you.
Something bites you but does no damage. Something hits you.
Something closely misses you.
You miss something. Something barely misses you. Something bites you!
* * * LOW HITPOINT WARNING * * *
You hit something but do no damage. Something barely misses you.
Something bites you.
* * * LOW HITPOINT WARNING * * *
You closely miss something. Something hits you.
* * * LOW HITPOINT WARNING * * *
Something bites you but does no damage.
You barely miss something.
A vampire appears from thin air!
Reactivating autopickup.
The vampire hits you.
* * * LOW HITPOINT WARNING * * *
The vampire barely misses you.
The vampire hits you but does no damage.
The vampire misses you.
Okay, then.
Aiming: Paralyse
Press: ? - help, Shift-Dir - straight line, f - vampire
Aim: a vampire, quivering poisoned darts (lightly damaged, chance to affect: 31%)
The vampire easily resists.
The vampire hits you.
* * * LOW HITPOINT WARNING * * *
You block the vampire's attack.
You hit the vampire but do no damage.
The vampire is lightly damaged.
You block the vampire's attack. The vampire bites you!
You die...

#.###################..#########
#.# #..# #.# #..# #.# #..#
#.###################..#
#...................)...
#............†.....=...#
#...............V......#
#...............@☼.....#
#......................#
#.........<............#
#......................#
#......................#
.................#
.................
...............


You could see a vampire.

Vanquished Creatures
  A hydra (D:9)
  Erica (D:8)
  Maggie (D:7)
  A queen bee (D:8)
  2 hornets
  The ghost of endorz the Chopper, an amateur MiBe of Trog (D:5)
  A wyvern (D:8)
  4 vampire mosquitoes (D:8)
  2 steam dragons
  3 water moccasins
  3 sky beasts
  5 orc warriors
  An ogre (D:6)
  A necrophage (D:4)
  2 centaurs
  2 phantoms
  A kobold brigand (D:5)
  An elf zombie (D:4)
  3 bullfrogs
  2 scorpions (D:6)
  13 killer bees
  6 wights (D:8)
  4 howler monkeys
  4 crimson imps (D:8)
  2 centaur zombies
  A human zombie (D:4)
  2 hounds
  3 jellies
  A gnoll shaman (D:6)
  3 orc priests
  A bullfrog skeleton (D:6)
  2 human skeletons (D:4)
  8 orc wizards
  2 killer bee zombies
  5 gnolls (D:6)
  8 adders
  A howler monkey skeleton (D:5)
  An adder skeleton (D:4)
  2 dart slugs
  27 orcs
  14 ball pythons
  4 bats
  3 endoplasms
  A giant cockroach (D:4)
  7 goblins
  6 hobgoblins
  2 quokkas
  2 frilled lizards
  11 kobolds
  2 orc skeletons (D:4)
  7 rats
193 creatures vanquished.

Vanquished Creatures (others)
  433 foxfires
  A fungus (D:5)
  17 plants
451 creatures vanquished.

Grand Total: 644 creatures vanquished

Notes
Turn   | Place    | Note
-------+----------+-------------------------------------------
     0 | D:1      | Aksej the Djinni Fire Elementalist began the quest for the
                  | Orb.
     0 | D:1      | Reached XP level 1. HP: 15/15 MP: 0/0
   151 | D:1      | Reached XP level 2. HP: 10/21 MP: 0/0
   530 | D:1      | Found Oddaq's Distillery.
   535 | D:1      | Found Wegrasoc's Armour Shop.
   553 | D:1      | Reached skill level 3 in Spellcasting
   757 | D:1      | Found Seodivoy's Weapon Emporium.
   810 | D:1      | Found Dollud's Weapon Shop.
   814 | D:1      | Reached XP level 3. HP: 23/25 MP: 0/0
   814 | D:1      | Learned a level 1 spell: Beastly Appendage
  1060 | D:1      | Found Raegos's Distillery.
  1693 | D:2      | Found a bloodstained altar of Trog.
  2456 | D:2      | Reached XP level 4. HP: 29/31 MP: 0/0
  2978 | D:3      | Noticed a sky beast
  2984 | D:3      | Killed a sky beast
  2985 | D:3      | Reached skill level 1 in Fighting
  2985 | D:3      | Reached skill level 4 in Spellcasting
  2985 | D:3      | Reached XP level 5. HP: 28/37 MP: 0/0
  2985 | D:3      | Learned a level 2 spell: Blink
  3085 | D:3      | Found a faded altar of an unknown god.
  3218 | D:3      | Gained mutation: You are frail. (-10% HP) [potion of
                  | mutation]
  3218 | D:3      | Gained mutation: You are clumsy. (Dex -2) [potion of
                  | mutation]
  3218 | D:3      | Gained mutation: You are very clumsy. (Dex -4) [potion of
                  | mutation]
  3218 | D:3      | Lost mutation: You are frail. (-10% HP) [potion of
                  | mutation]
  3258 | D:3      | Lost mutation: You are very clumsy. (Dex -4) [potion of
                  | mutation]
  3258 | D:3      | Lost mutation: You are clumsy. (Dex -2) [potion of
                  | mutation]
  3258 | D:3      | Gained mutation: You passively map a small area around you.
                  | [potion of mutation]
  3360 | D:3      | Reached XP level 6. HP: 40/42 MP: 0/0
  4164 | D:4      | Reached skill level 5 in Spellcasting
  4280 | D:4      | Reached XP level 7. HP: 38/49 MP: 0/0
  4280 | D:4      | Learned a level 3 spell: Ignite Poison
  4794 | D:4      | Found a bloodstained altar of Trog.
  4917 | D:4      | Lost mutation: You passively map a small area around you.
                  | [potion of mutation]
  4917 | D:4      | Gained mutation: Your natural rate of healing is unusually
                  | fast. [potion of mutation]
  5319 | D:4      | Found a staircase to the Ecumenical Temple.
  5328 | Temple   | Entered the Ecumenical Temple
  5440 | Temple   | Became a worshipper of Qazlal Stormbringer
  5530 | D:5      | Entered Level 5 of the Dungeon
  5575 | D:5      | Reached skill level 1 in Short Blades
  5604 | D:5      | Found a sparkling altar of Nemelex Xobeh.
  5604 | D:5      | Found a transporter.
  5667 | D:5      | Found a runed translucent gate.
  5668 | D:5      | Found a runed translucent gate.
  5669 | D:5      | Found a runed translucent gate.
  5670 | D:5      | Noticed endorz's ghost (amateur MiBe)
  5869 | D:5      | Reached skill level 6 in Spellcasting
  5869 | D:5      | Reached XP level 8. HP: 55/55 MP: 0/0
  6006 | D:5      | Killed endorz's ghost
  6039 | D:5      | Lost mutation: Your natural rate of healing is unusually
                  | fast. [potion of mutation]
  6039 | D:5      | Gained mutation: Your flesh is almost immune to the effects
                  | of heat. (rF+++) [potion of mutation]
  6039 | D:5      | Gained mutation: Your spells are a little easier to cast,
                  | but a little less powerful. [potion of mutation]
  6183 | D:6      | Identified a scroll of acquirement
  6183 | D:6      | Acquired the +1 pair of gloves of a volcano {rC+ MP+9 Str+2
                  | Dex-3 Slay+2}
  6477 | D:6      | Reached skill level 7 in Spellcasting
  6550 | D:6      | Reached * piety under Qazlal
  6843 | D:6      | Reached XP level 9. HP: 56/61 MP: 0/0
  6843 | D:6      | Learned a level 4 spell: Cause Fear
  7044 | D:6      | Found a glowing silver altar of Zin.
  7413 | D:7      | Noticed Maggie
  7424 | D:7      | Killed Maggie
  7425 | D:7      | Reached skill level 8 in Spellcasting
  7811 | D:7      | Found Xiyreyg's Self-Improvement Boutique.
  8332 | D:7      | Lost mutation: Your flesh is almost immune to the effects
                  | of heat. (rF+++) [potion of mutation]
  8332 | D:7      | Lost mutation: Your spells are a little easier to cast, but
                  | a little less powerful. [potion of mutation]
  8332 | D:7      | Gained mutation: Your spells are a little harder to cast,
                  | but a little more powerful. [potion of mutation]
  8332 | D:7      | Gained mutation: You have hidden genetic potential. [potion
                  | of mutation]
  8559 | D:7      | Found a broken altar of Ashenzari.
  8561 | D:7      | Found a shadowy altar of Dithmenos.
  8565 | D:7      | Found a basalt altar of Yredelemnul.
  8565 | D:7      | Found an ornate altar of the Wu Jian Council.
  8568 | D:7      | Found a burning altar of Makhleb.
  8731 | D:8      | Reached XP level 10. HP: 18/69 MP: 0/0
  8998 | D:8      | Found Vononane's Assorted Antiques.
  9121 | D:8      | Reached skill level 9 in Spellcasting
  9338 | D:8      | Reached ** piety under Qazlal
 10112 | D:8      | Reached skill level 5 in Fighting
 10134 | D:8      | Gained mutation: Your mind is acute. (Int +2) [hidden
                  | potential]
 10423 | D:8      | Found an opulent altar of Gozag.
 10596 | D:8      | Found Jintu's Weapon Emporium.
 10675 | D:8      | Reached skill level 5 in Dodging
 10745 | D:8      | Found Leisk's Assorted Antiques.
 10754 | D:8      | Bought a dyed leather armour for 125 gold pieces
 10754 | D:8      | Bought a scroll of identify for 50 gold pieces
 10754 | D:8      | Bought a scroll of identify for 50 gold pieces
 10797 | D:8      | Reached skill level 10 in Spellcasting
 11292 | D:8      | Found a shimmering altar of Xom.
 11369 | D:8      | Noticed Erica
 11377 | D:8      | Killed Erica
 11378 | D:8      | Reached XP level 11. HP: 39/76 MP: 0/0
 11378 | D:8      | Learned a level 5 spell: Borgnjor's Vile Clutch
 11828 | D:9      | Noticed a six-headed hydra
 11835 | D:9      | Killed a six-headed hydra
 11836 | D:9      | Reached skill level 1 in Armour
 11836 | D:9      | Reached skill level 1 in Shields
 11842 | D:9      | Gained mutation: You have great hidden genetic potential.
                  | [hidden potential]
 11842 | D:9      | Lost mutation: You have great hidden genetic potential.
                  | [hidden potential expressed]
 12113 | D:9      | Slain by a vampire

Illustrated notes

Levels and vault maps discovered:
D:1:      lemuel_arrival_river_bridge, layout_basic, serial_shops, shop,
          nicolae_diamond_shop, nicolae_shop_waterfront,
          nicolae_shop_advertising_works [nicolae_subvault_shop_adworks],
          shop_fountains
D:2:      layout_loops_ring, serial_co_window_serial, co_window_paths_a,
          co_window_paths_a, co_window_paths_b, co_window_paths_a,
          co_window_paths_a, co_window_paths_a, co_window_corner_a,
          co_window_corner_cb, co_window_2corner, co_window_2corner,
          co_window_unsneaky_path_e, co_window_of_opportunity_b,
          co_window_4corner_b, glass_columns_b, glass_columns_b,
          glass_columns_b, basic_altar
D:3:      layout_loops_ring, hellmonk_ecumenical_altar_pennies_from_heaven,
          minmay_snake_closets
D:4:      layout_loops_ring, lightli_temple_of_fire, lemuel_temple_firewalk_b,
          nicolae_ossuary_entry_catacombs
D:5:      layout_rooms, grunt_nemelex_the_gamble, gammafunk_ghost_nasty_kobolds,
          solitary_fountain
D:6:      layout_loops_ring, mainiacjoe_overflow_alcove_4
D:7:      layout_loops_ring, minitemple, hellmonk_bongcloud_opening,
          nicolae_shop_self_help, uniq_maggie
D:8:      layout_basic, led_xom_imps, jmf_multi_god_temple, special_room
          [special_room_orc], serial_shops, nicolae_square_shop, shop, shop,
          nicolae_looking_at_the_future, uniq_erica
D:9:      layout_long_grid, nicolae_hepliaklqana_hazy_memory, enter_bailey_2
Temple:   compressed_dpeg_triangle_lava_temple

Skill      XL: |  1  2  3  4  5  6  7  8  9 10 11 |
---------------+----------------------------------+-----
Spellcasting   | 3 4 5 6 7 8 10 | 10.7
Fighting       | 1 2 3 4 5 |  5.8
Stealth        | 2 3 |  3.2
Short Blades   | 1 2 3 4 |  4.3
Dodging        | 3 5 |  5.5
Armour         | 1 |  1.5
Shields        | 1 |  1.0
Long Blades    | |  0.1
Evocations     | |  0.1

Action                   |  1- 3 |  4- 6 |  7- 9 | 10-12 || total
-------------------------+-------+-------+-------+-------++-------
Melee: Short sword       |       |    13 |   100 |   162 ||   275
       Punch             |       |       |       |     2 ||     2
       Scimitar          |       |       |       |    29 ||    29
 Cast: Foxfire           |    83 |    34 |   108 |    64 ||   289
       Scorch            |     3 |    32 |    56 |    47 ||   138
Evoke: Wand              |       |       |       |     2 ||     2
  Use: Scroll            |     2 |     4 |    10 |     1 ||    17
       Potion            |       |     4 |     7 |     1 ||    12
 Stab: Invisible         |       |       |       |     2 ||     2
Armor: Robe              |       |     1 |    32 |    14 ||    47
       Leather armour    |       |       |       |    30 ||    30
Dodge: Dodged            |     1 |    15 |   100 |   183 ||   299
Block: Other             |       |       |     3 |    22 ||    25
